 Dungeon Crawl Stone Soup version 0.21.1-1-g345015f (webtiles) character file.

5795 tidbits the Magician (level 10, 62/74 HPs)
             Began as a Gnoll Earth Elementalist on Feb 8, 2018.
             Was a Follower of Cheibriados.
             Quit the game in a labyrinth.
             The game lasted 00:30:44 (2955 turns).

tidbits the Magician (Gnoll Earth Elementalist)     Turns: 2955, Time: 00:30:45

Health: 62/74      AC:  7    Str: 13    XL:     10   Next: 79%
Magic:  21/21      EV: 17    Int: 22    God:    Cheibriados [*.....]
Gold:   324        SH:  0    Dex: 18    Spells: 10/24 levels left

rFire    . . .     SeeInvis .   A - +1 flail (protect)
rCold    . . .     Gourm    .   (no shield)
rNeg     + . .     Faith    +   c - +0 robe
rPois    .         Spirit   .   E - +2 helmet
rElec    .         Reflect  .   (no cloak)
rCorr    .         Harm     .   (no gloves)
MR       .....                  F - +0 pair of boots
Stlth    ++++......             o - amulet of faith (curse)
HPRegen  0.22/turn              h - ring of positive energy
MPRegen  0.17/turn              W - ring of wizardry

@: very slow
A: distributed training, fangs 1, strong nose
a: Bend Time, Renounce Religion


You were in a labyrinth.
You worshipped Cheibriados.
Cheibriados was aware of your devotion.
You were not hungry.

You visited 2 branches of the dungeon, and saw 13 of its levels.
You also visited: Labyrinth and Sewer.

You collected 324 gold pieces.

Inventory:

Hand Weapons
 a - a +2 dagger of venom
   (You took it off a kobold on level 3 of the Dungeon)
 b - a +0 broad axe of draining
   (You found it on level 3 of the Dungeon)
 n - a +0 dagger
 A - a +1 flail of protection (weapon)
   (You took it off a gnoll on level 8 of the Dungeon)
Missiles
 f - 6 javelins (quivered)
 g - a throwing net {!f}
 l - 6 silver javelins
 m - 116 stones
 D - 13 arrows
Armour
 c - a +0 robe (worn)
 j - the +6 plate armour "Kidaaqinn" {rCorr}
   (You found it on level 5 of the Dungeon)

   It protects you from acid and corrosion.
 E - a +2 helmet (worn)
 F - a +0 pair of boots (worn)
Jewellery
 h - a ring of positive energy (left hand)
   (You found it on level 1 of the Dungeon)
 o - a cursed amulet of faith (around neck)
   (You found it on level 9 of the Dungeon)
 W - a ring of wizardry (right hand)
   (You took it off an orc on level 4 of the Dungeon)
Wands
 i - a wand of disintegration (14)
 k - a wand of flame (36)
Scrolls
 r - 3 scrolls of remove curse
 t - 3 scrolls of fog
 y - a scroll of fear {unknown}
 B - a scroll of immolation
Potions
 q - a potion of ambrosia
 v - 2 potions of brilliance
 w - 3 potions of flight
 x - 2 potions of magic
 z - a potion of haste
Books
 e - a book of Geomancy

   Spells                             Type                      Level
   a - Sandblast                      Earth                        1
   b - Passwall                       Transmutation/Earth          2
   c - Stone Arrow                    Conjuration/Earth            3
   d - Petrify                        Transmutation/Earth          4
   e - Lee's Rapid Deconstruction     Earth                        5
 s - a book of Frost
   (You found it on level 8 of the Dungeon)

   Spells                             Type                      Level
   a - Freeze                         Ice                          1
   b - Throw Frost                    Conjuration/Ice              2
   c - Ozocubu's Armour               Charms/Ice                   3
   d - Throw Icicle                   Conjuration/Ice              4
   e - Summon Ice Beast               Ice/Summoning                4
Comestibles
 d - 8 rations


   Skills:
 + Level 5.5 Fighting
 + Level 5.5 Short Blades
 + Level 5.5 Long Blades
 + Level 5.5 Axes
 + Level 5.5 Maces & Flails
 + Level 5.5 Polearms
 + Level 5.5 Staves
 + Level 5.5 Slings
 + Level 5.5 Bows
 + Level 5.5 Crossbows
 + Level 5.5 Throwing
 + Level 5.5 Armour
 + Level 7.2 Dodging
 + Level 7.0 Stealth
 + Level 5.5 Shields
 + Level 5.5 Unarmed Combat
 + Level 7.5 Spellcasting
 + Level 4.5 Conjurations
 + Level 4.5 Hexes
 + Level 4.5 Charms
 + Level 4.5 Summonings
 + Level 4.5 Necromancy
 + Level 4.5 Translocations
 + Level 5.1 Transmutations
 + Level 4.5 Fire Magic
 + Level 4.5 Ice Magic
 + Level 4.5 Air Magic
 + Level 7.2 Earth Magic
 + Level 4.5 Poison Magic
 + Level 6.0 Invocations
 + Level 5.5 Evocations


You had 10 spell levels left.
You knew the following spells:

 Your Spells              Type           Power        Failure   Level  Hunger
a - Sandblast             Erth           #####.       1%          1    None
e - Petrify               Tmut/Erth      #####...     2%          4    ###....
n - Animate Skeleton      Necr           N/A          1%          1    None
p - Passwall              Tmut/Erth      #####.....   1%          2    None
A - Apportation           Tloc           ####..       1%          1    None
D - Lee's Rapid Deconstr  Erth           #####.....   4%          5    #####..


Dungeon Overview and Level Annotations

Branches:
Dungeon (12/15)            Temple (1/1) D:7             Orc (0/2) D:9
   Lair: D:8-11

Altars:
Ashenzari
Cheibriados
Elyvilon
Gozag
Hepliaklqana
Kikubaaqudgha
Makhleb
Nemelex Xobeh
Okawaru
Ru
Sif Muna
Uskayaw
Wu Jian
Yredelemnul
Zin

Annotations:
D:5 1 runed door


Innate Abilities, Weirdness & Mutations

Your experience applies equally to all skills.
You have very sharp teeth.
Your uncanny sense of smell can sniff out nearby items.


Message History

You bite the gargoyle, but do no damage.
The gargoyle is lightly damaged.
The gargoyle hurls a stone arrow at you.
The stone arrow hits you!
You barely miss the gargoyle.
The gargoyle is lightly damaged.
The gargoyle hits you with a mace of crushing.
* * * LOW HITPOINT WARNING * * *
x2 Unknown command.
Casting: Lee's Rapid Deconstruction
Confirm with . or Enter, or press ? or * to list all spells.
You don't know that spell.
It was a potion of resistance.
You feel protected.
The gargoyle hurls a stone arrow at you.
The stone arrow hits you!
* * * LOW HITPOINT WARNING * * *
You feel much better. The gargoyle closely misses you.
Okay, then.
Unknown command.
Casting: Lee's Rapid Deconstruction
Confirm with . or Enter, or press ? or * to list all spells.
Aiming: Lee's Rapid Deconstruction
Press: ? - help, Dir - move target cursor, p - gargoyle That beam is likely to hit you.
Continue anyway?
Okay, then.
Okay, then.
It was a potion of haste.
You feel yourself speed up.
Cheibriados forgives your accidental hurry, just this once.
The gargoyle hurls a stone arrow at you.
The stone arrow misses you. The flow of time bends around you.
Cheibriados rebukes the gargoyle.
The gargoyle seems to slow down.
You feel slightly less full.
You barely miss the gargoyle.
The gargoyle is lightly damaged.
The gargoyle closely misses you.
You hit the gargoyle but do no damage.
Your weapon exudes an aura of protection.
The gargoyle is lightly damaged.
You hit the gargoyle but do no damage.
The gargoyle is lightly damaged.
You barely miss the gargoyle.
The gargoyle is lightly damaged.
The gargoyle hits you with a mace of crushing.
You hit the gargoyle but do no damage.
The gargoyle is lightly damaged.
You hit the gargoyle.
The gargoyle is lightly damaged.
Press: ? - help, v - describe, . - travel, g - get item
Here: a gargoyle, wielding a mace of crushing (lightly damaged, slow)
A flail.
The floor.
You hit the gargoyle. Your bite misses the gargoyle.
The gargoyle is moderately damaged.
The gargoyle misses you.
You barely miss the gargoyle.
The gargoyle is moderately damaged.
You hit the gargoyle.
The gargoyle is moderately damaged.
The gargoyle hits you but does no damage.
You hit the gargoyle but do no damage. Your punch misses the gargoyle.
The gargoyle is moderately damaged.
You hit the gargoyle but do no damage.
The gargoyle is moderately damaged.
The gargoyle is no longer moving slowly.
You hit the gargoyle but do no damage.
The gargoyle is moderately damaged.
The gargoyle hits you with a mace of crushing!
* * * LOW HITPOINT WARNING * * *
x2 The flow of time bends around you.
Cheibriados rebukes the gargoyle.
The gargoyle seems to slow down.
You feel slightly less full.
You hit the gargoyle but do no damage.
The gargoyle is moderately damaged.
The gargoyle hits you with a mace of crushing!
* * * LOW HITPOINT WARNING * * *
x2 You feel much better.
Okay, then.
Okay, then.
As you read the scroll labeled JINLOY MID FAISO, it crumbles to dust.
The creatures around you are filled with an inner flame!
It was a scroll of immolation.
Okay, then.
Okay, then.
As you read the scroll of teleportation, it crumbles to dust.
You feel strangely unstable.
The gargoyle hurls a stone arrow at you.
The stone arrow hits you!
* * * LOW HITPOINT WARNING * * *
Unknown command.
Your surroundings suddenly seem different.
Your extra speed is starting to run out.
You feel yourself slow down.
You start to feel less resistant.
Your resistance to elements expires.
You feel a sudden draft!
Okay, then.
Unknown command.
Are you sure you want to abandon this character and quit the game? (Confirm with "yes".)

#... #
#####.# #.#..
. # ###
#.#.##### #..
# .#
#.#####.#
#.......#
#####.#.#####
#.@...#...#
###.#.###.#
#.#.# # #####
#.### #...#
####


There were no monsters in sight!

Vanquished Creatures
  2 two-headed ogres
  3 gargoyles
  A merfolk (D:9)
  A troll (D:11)
  A vampire (D:9)
  3 wyverns
  A water moccasin (D:11)
  An orc warrior (D:6)
  2 sky beasts
  4 ice beasts
  5 ogres
  3 centaurs
  Blork the orc (D:5)
  A bullfrog (D:7)
  2 scorpions
  6 wights
  A bullfrog zombie (D:5)
  2 crimson imps (D:8)
  3 hounds
  A jelly (D:9)
  A centaur skeleton (D:4)
  3 orc wizards
  2 bullfrog skeletons
  An iguana (D:5)
  3 worker ants (D:5)
  A hound zombie (D:5)
  A worker ant zombie (D:11)
  A howler monkey skeleton (D:8)
  14 adders
  4 gnolls
  5 river rats (D:3)
  An ooze (D:1)
  3 adder skeletons
  3 worms
  2 dart slugs
  4 leopard geckos (D:4)
  12 orcs
  3 ball pythons
  3 giant cockroaches
  2 hobgoblins
  2 jackals (D:4)
  6 kobolds
  A quokka (D:11)
  A bat (D:1)
  4 frilled lizards
  3 goblins
  11 rats
141 creatures vanquished.

Notes
Turn   | Place    | Note
-------+----------+-------------------------------------------
     0 | D:1      | tidbits the Gnoll Earth Elementalist began the quest for the Orb.
     0 | D:1      | Reached XP level 1. HP: 13/13 MP: 6/6
    49 | D:1      | Reached skill level 2 in Transmutations
    72 | D:1      | Reached XP level 2. HP: 19/19 MP: 4/7
   131 | D:2      | Learned a level 2 spell: Passwall
   133 | D:2      | Learned a level 1 spell: Animate Skeleton
   135 | D:2      | Learned a level 1 spell: Apportation
   185 | D:2      | You fall through a shaft for 2 floors!
   265 | D:3      | Reached skill level 5 in Spellcasting
   265 | D:3      | Reached XP level 3. HP: 25/25 MP: 6/9
   299 | D:3      | Reached skill level 1 in Invocations
   377 | D:2      | Reached skill level 1 in Fighting
   377 | D:2      | Reached skill level 1 in Short Blades
   377 | D:2      | Reached skill level 1 in Long Blades
   377 | D:2      | Reached skill level 1 in Axes
   377 | D:2      | Reached skill level 1 in Maces & Flails
   377 | D:2      | Reached skill level 1 in Polearms
   377 | D:2      | Reached skill level 1 in Staves
   377 | D:2      | Reached skill level 1 in Slings
   377 | D:2      | Reached skill level 1 in Bows
   377 | D:2      | Reached skill level 1 in Crossbows
   377 | D:2      | Reached skill level 1 in Throwing
   377 | D:2      | Reached skill level 1 in Armour
   377 | D:2      | Reached skill level 1 in Shields
   377 | D:2      | Reached skill level 1 in Unarmed Combat
   377 | D:2      | Reached skill level 1 in Evocations
   377 | D:2      | Reached XP level 4. HP: 32/32 MP: 7/11
   458 | D:3      | Reached skill level 1 in Conjurations
   458 | D:3      | Reached skill level 1 in Hexes
   458 | D:3      | Reached skill level 1 in Charms
   458 | D:3      | Reached skill level 1 in Summonings
   458 | D:3      | Reached skill level 1 in Necromancy
   458 | D:3      | Reached skill level 1 in Translocations
   458 | D:3      | Reached skill level 1 in Fire Magic
   458 | D:3      | Reached skill level 1 in Ice Magic
   458 | D:3      | Reached skill level 1 in Air Magic
   458 | D:3      | Reached skill level 1 in Poison Magic
   488 | D:3      | Reached XP level 5. HP: 18/37 MP: 2/12
   514 | D:3      | Found a glowing drain.
   522 | Sewer    | Entered a sewer
   549 | Sewer    | Learned a level 4 spell: Petrify
   836 | D:4      | Reached skill level 2 in Invocations
   836 | D:4      | Reached XP level 6. HP: 43/44 MP: 5/13
   976 | D:4      | Learned a level 5 spell: Lee's Rapid Deconstruction
   990 | D:5      | Entered Level 5 of the Dungeon
  1001 | D:5      | Reached skill level 2 in Fighting
  1001 | D:5      | Reached skill level 2 in Short Blades
  1001 | D:5      | Reached skill level 2 in Long Blades
  1001 | D:5      | Reached skill level 2 in Axes
  1001 | D:5      | Reached skill level 2 in Maces & Flails
  1001 | D:5      | Reached skill level 2 in Polearms
  1001 | D:5      | Reached skill level 2 in Staves
  1001 | D:5      | Reached skill level 2 in Slings
  1001 | D:5      | Reached skill level 2 in Bows
  1001 | D:5      | Reached skill level 2 in Crossbows
  1001 | D:5      | Reached skill level 2 in Throwing
  1001 | D:5      | Reached skill level 2 in Armour
  1001 | D:5      | Reached skill level 5 in Dodging
  1001 | D:5      | Reached skill level 2 in Shields
  1001 | D:5      | Reached skill level 2 in Unarmed Combat
  1001 | D:5      | Reached skill level 2 in Evocations
  1011 | D:5      | Noticed an ice beast
  1018 | D:5      | Killed an ice beast
  1018 | D:5      | Reached XP level 7. HP: 49/50 MP: 8/15
  1125 | D:4      | Reached skill level 2 in Conjurations
  1125 | D:4      | Reached skill level 2 in Hexes
  1125 | D:4      | Reached skill level 2 in Charms
  1125 | D:4      | Reached skill level 2 in Summonings
  1125 | D:4      | Reached skill level 2 in Necromancy
  1125 | D:4      | Reached skill level 2 in Translocations
  1125 | D:4      | Reached skill level 2 in Fire Magic
  1125 | D:4      | Reached skill level 2 in Ice Magic
  1125 | D:4      | Reached skill level 2 in Air Magic
  1125 | D:4      | Reached skill level 2 in Poison Magic
  1157 | D:5      | Reached skill level 3 in Transmutations
  1189 | D:5      | Got a jewelled plate armour
  1190 | D:5      | Identified the +6 plate armour "Kidaaqinn" {rCorr} (You found it on level 5 of the Dungeon)
  1196 | D:5      | Found a glowing silver altar of Zin.
  1196 | D:5      | Noticed an angel
  1200 | D:5      | Found a runed door.
  1203 | D:5      | Noticed Blork the orc
  1234 | D:5      | Killed Blork the orc
  1253 | D:5      | Reached skill level 5 in Stealth
  1253 | D:5      | Reached skill level 3 in Invocations
  1283 | D:5      | Found a white marble altar of Elyvilon.
  1286 | D:5      | Reached XP level 8. HP: 51/57 MP: 2/16
  1289 | D:5      | Reached skill level 6 in Earth Magic
  1313 | D:6      | Reached skill level 3 in Fighting
  1313 | D:6      | Reached skill level 3 in Short Blades
  1313 | D:6      | Reached skill level 3 in Long Blades
  1313 | D:6      | Reached skill level 3 in Axes
  1313 | D:6      | Reached skill level 3 in Maces & Flails
  1313 | D:6      | Reached skill level 3 in Polearms
  1313 | D:6      | Reached skill level 3 in Staves
  1313 | D:6      | Reached skill level 3 in Slings
  1313 | D:6      | Reached skill level 3 in Bows
  1313 | D:6      | Reached skill level 3 in Crossbows
  1313 | D:6      | Reached skill level 3 in Throwing
  1313 | D:6      | Reached skill level 3 in Armour
  1313 | D:6      | Reached skill level 3 in Shields
  1313 | D:6      | Reached skill level 3 in Unarmed Combat
  1313 | D:6      | Reached skill level 3 in Evocations
  1381 | D:7      | You fall through a shaft for 2 floors!
  1413 | D:9      | Noticed a vampire
  1474 | D:9      | Noticed a two-headed ogre
  1480 | D:9      | Killed a two-headed ogre
  1480 | D:9      | Reached skill level 6 in Dodging
  1480 | D:9      | Reached skill level 6 in Spellcasting
  1480 | D:9      | Reached skill level 3 in Conjurations
  1480 | D:9      | Reached skill level 3 in Hexes
  1480 | D:9      | Reached skill level 3 in Charms
  1480 | D:9      | Reached skill level 3 in Summonings
  1480 | D:9      | Reached skill level 3 in Necromancy
  1480 | D:9      | Reached skill level 3 in Translocations
  1480 | D:9      | Reached skill level 3 in Fire Magic
  1480 | D:9      | Reached skill level 3 in Ice Magic
  1480 | D:9      | Reached skill level 3 in Air Magic
  1480 | D:9      | Reached skill level 3 in Poison Magic
  1480 | D:9      | Reached skill level 4 in Invocations
  1480 | D:9      | Reached XP level 9. HP: 56/65 MP: 1/18
  1500 | D:9      | Found a staircase to the Orcish Mines.
  1522 | D:10     | Entered Level 10 of the Dungeon
  1681 | D:7      | Reached skill level 4 in Fighting
  1681 | D:7      | Reached skill level 4 in Short Blades
  1681 | D:7      | Reached skill level 4 in Long Blades
  1681 | D:7      | Reached skill level 4 in Axes
  1681 | D:7      | Reached skill level 4 in Maces & Flails
  1681 | D:7      | Reached skill level 4 in Polearms
  1681 | D:7      | Reached skill level 4 in Staves
  1681 | D:7      | Reached skill level 4 in Slings
  1681 | D:7      | Reached skill level 4 in Bows
  1681 | D:7      | Reached skill level 4 in Crossbows
  1681 | D:7      | Reached skill level 4 in Throwing
  1681 | D:7      | Reached skill level 4 in Armour
  1681 | D:7      | Reached skill level 4 in Shields
  1681 | D:7      | Reached skill level 4 in Unarmed Combat
  1681 | D:7      | Reached skill level 4 in Transmutations
  1681 | D:7      | Reached skill level 4 in Evocations
  1723 | D:7      | Found a staircase to the Ecumenical Temple.
  1731 | Temple   | Entered the Ecumenical Temple
  1739 | Temple   | Became a worshipper of Cheibriados the Contemplative
  1805 | D:8      | Reached skill level 6 in Stealth
  2188 | D:9      | Noticed a merfolk
  2189 | D:9      | Killed a merfolk
  2189 | D:9      | Reached skill level 5 in Invocations
  2232 | D:10     | Reached * piety under Cheibriados
  2232 | D:10     | Reached XP level 10. HP: 41/73 MP: 16/20
  2243 | D:10     | Reached skill level 7 in Spellcasting
  2255 | D:10     | Reached skill level 4 in Conjurations
  2255 | D:10     | Reached skill level 4 in Hexes
  2255 | D:10     | Reached skill level 4 in Charms
  2255 | D:10     | Reached skill level 4 in Summonings
  2255 | D:10     | Reached skill level 4 in Necromancy
  2255 | D:10     | Reached skill level 4 in Translocations
  2255 | D:10     | Reached skill level 4 in Fire Magic
  2255 | D:10     | Reached skill level 4 in Ice Magic
  2255 | D:10     | Reached skill level 4 in Air Magic
  2255 | D:10     | Reached skill level 4 in Poison Magic
  2311 | D:11     | Noticed a two-headed ogre
  2323 | D:11     | Killed a two-headed ogre
  2323 | D:11     | Reached skill level 5 in Fighting
  2323 | D:11     | Reached skill level 5 in Short Blades
  2323 | D:11     | Reached skill level 5 in Long Blades
  2323 | D:11     | Reached skill level 5 in Axes
  2323 | D:11     | Reached skill level 5 in Maces & Flails
  2323 | D:11     | Reached skill level 5 in Polearms
  2323 | D:11     | Reached skill level 5 in Staves
  2323 | D:11     | Reached skill level 5 in Slings
  2323 | D:11     | Reached skill level 5 in Bows
  2323 | D:11     | Reached skill level 5 in Crossbows
  2323 | D:11     | Reached skill level 5 in Throwing
  2323 | D:11     | Reached skill level 5 in Armour
  2323 | D:11     | Reached skill level 5 in Shields
  2323 | D:11     | Reached skill level 5 in Unarmed Combat
  2323 | D:11     | Reached skill level 7 in Earth Magic
  2323 | D:11     | Reached skill level 5 in Evocations
  2391 | D:11     | Reached skill level 7 in Dodging
  2504 | D:12     | Found a labyrinth entrance.
  2505 | D:12     | Noticed a gargoyle
  2509 | D:12     | Killed a gargoyle
  2529 | D:12     | Reached skill level 5 in Transmutations
  2538 | Lab      | Entered a labyrinth
  2804 | Lab      | Noticed a gargoyle
  2806 | Lab      | Noticed a gargoyle
  2807 | Lab      | Killed a gargoyle
  2807 | Lab      | Reached skill level 6 in Invocations
  2809 | Lab      | Noticed a gargoyle
  2809 | Lab      | Noticed a gargoyle
  2810 | Lab      | Killed a gargoyle
  2810 | Lab      | Reached skill level 7 in Stealth
  2955 | Lab      | Quit the game

Skill      XL: |  1  2  3  4  5  6  7  8  9 10 |
---------------+-------------------------------+-----
Transmutations | 2 3 4 5 |  5.1
Spellcasting   | 5 6 7 |  7.5
Invocations    | 1 2 3 4 5 6 |  6.0
Fighting       | 1 2 3 4 5 |  5.5
Short Blades   | 1 2 3 4 5 |  5.5
Long Blades    | 1 2 3 4 5 |  5.5
Axes           | 1 2 3 4 5 |  5.5
Maces & Flails | 1 2 3 4 5 |  5.5
Polearms       | 1 2 3 4 5 |  5.5
Staves         | 1 2 3 4 5 |  5.5
Slings         | 1 2 3 4 5 |  5.5
Bows           | 1 2 3 4 5 |  5.5
Crossbows      | 1 2 3 4 5 |  5.5
Throwing       | 1 2 3 4 5 |  5.5
Armour         | 1 2 3 4 5 |  5.5
Shields        | 1 2 3 4 5 |  5.5
Unarmed Combat | 1 2 3 4 5 |  5.5
Evocations     | 1 2 3 4 5 |  5.5
Conjurations   | 1 2 3 4 |  4.5
Hexes          | 1 2 3 4 |  4.5
Charms         | 1 2 3 4 |  4.5
Summonings     | 1 2 3 4 |  4.5
Necromancy     | 1 2 3 4 |  4.5
Translocations | 1 2 3 4 |  4.5
Fire Magic     | 1 2 3 4 |  4.5
Ice Magic      | 1 2 3 4 |  4.5
Air Magic      | 1 2 3 4 |  4.5
Poison Magic   | 1 2 3 4 |  4.5
Dodging        | 5 6 7 |  7.2
Stealth        | 5 6 7 |  7.0
Earth Magic    | 6 7 |  7.2

Action                   |  1- 3 |  4- 6 |  7- 9 | 10-12 || total
-------------------------+-------+-------+-------+-------++-------
Melee: Dagger            |    12 |    77 |    72 |    18 ||   179
       Bite              |     1 |     8 |    13 |     5 ||    27
       Punch             |       |     1 |     2 |     1 ||     4
       Flail             |       |       |       |    21 ||    21
       Broad axe         |       |       |       |     7 ||     7
 Cast: Sandblast         |    27 |    45 |    50 |     3 ||   125
       Passwall          |     3 |     6 |    12 |     7 ||    28
       Petrify           |       |       |    19 |     7 ||    26
       Lee's Rapid Decon |       |       |     1 |       ||     1
Invok: Bend Time         |       |       |     1 |     3 ||     4
Evoke: Wand              |       |       |    17 |     2 ||    19
  Use: Scroll            |     1 |     5 |     7 |     2 ||    15
       Potion            |       |     4 |     2 |     4 ||    10
 Stab: Sleeping          |     5 |     3 |    10 |     9 ||    27
       Petrified         |       |       |    13 |     5 ||    18
       Petrifying        |       |       |     2 |     2 ||     4
  Eat: Ration            |     1 |     1 |     2 |       ||     4
Armor: Robe              |     2 |    12 |    17 |     3 ||    34
Dodge: Dodged            |     8 |    70 |    51 |    32 ||   161

Table legend:
 A = Turns spent in this place as a percentage of turns spent in the entire game.
 B = Non-inter-level travel turns spent in this place as a percentage of non-inter-level travel turns spent in the entire game.
 C = Inter-level travel turns spent in this place as a percentage of turns spent in this place.
 D = Turns resting spent in this place as a percentage of non-inter-level travel turns spent in this place.
 E = Turns spent auto-exploring this place as a percentage of non-inter-level travel turns spent in this place.
 F = Non-inter-level travel turns spent in this place divided by the number of levels of this place that you've seen.
                   A       B       C       D       E      F
               +-------+-------+-------+-------+-------+----------------------
         Total | 100.0 | 100.0 |   0.6 |   0.0 |   0.0 | 195.9
       Dungeon |  80.0 |  79.9 |   0.7 |   0.0 |   0.0 | 195.5
        Temple |   0.6 |   0.6 |   0.0 |   0.0 |   0.0 |  17.0
     Labyrinth |  14.1 |  14.2 |   0.0 |   0.0 |   0.0 | 417.0
         Sewer |   5.3 |   5.4 |   0.0 |   0.0 |   0.0 | 158.0
               +-------+-------+-------+-------+-------+----------------------

Table legend:
 A = Kills in this place as a percentage of kills in entire the game.
 B = Kills by you in this place as a percentage of kills by you in the entire game.
 C = Kills by friends in this place as a percentage of kills by friends in the entire game.
 D = Other kills in this place as a percentage of other kills in the entire game.
 E = Experience gained in this place as a percentage of experience gained in the entire game.
 F = Experience gained in this place divided by the number of levels of this place that you have seen.
                   A       B       C       D       E      F
               +-------+-------+-------+-------+-------+----------------------
         Total | 100.0 | 100.0 |   N/A |   N/A | 100.0 | 551.9
       Dungeon |  88.7 |  88.7 |   N/A |   N/A |  89.5 | 617.2
     Labyrinth |   1.4 |   1.4 |   N/A |   N/A |  10.0 | 830.0
         Sewer |   9.9 |   9.9 |   N/A |   N/A |   0.5 |  43.0
               +-------+-------+-------+-------+-------+----------------------

Vault maps used:
D:1:      nicolae_arrival_washed_ashore
D:2:      fedhas_altar_1
D:3:      lightli_sewer_entry_pipes, uniq_ijyb
D:4:      first_ration
D:5:      elyvilon_altar_5, gammafunk_temple_overflow_pools,
          minmay_misc_feat_four_crosses, lemuel_angel_altar, uniq_blork_the_orc
D:6:      lemuel_round_altar
D:7:      minmay_temple_entry_mist, minmay_ruffians
D:9:      nicolae_overflow_crystal_walls, lair_entry_dummy, orc_0_dummy,
          serial_shops, shop, hangedman_fish_farm
D:10:     kennysheep_doodads
D:11:     stair_cage_open
D:12:     lab_entry_generic
Temple:   nicolae_temple_x_marks_the_god
Lab:      labyrinth_spiral, labyrinth_skeletal_remains, lab_fountain
Sewer:    sewer_co_15_rooms
